 Dungeon Crawl Stone Soup version 0.25-a0-458-g6fc7858b95 (webtiles) character file.

Game seed: 12695330426564217239, levelgen mode: deterministic

107 Nattfarinn the Sneak (level 4, -8/26 HPs)
             Began as a Vampire Assassin on Feb 2, 2020.
             Mangled by an orc priest
             ... wielding a +0 mace
              (9 damage)
             ... on level 3 of the Dungeon.
             The game lasted 00:03:34 (2012 turns).

Nattfarinn the Sneak (Vampire Assassin)             Turns: 2012, Time: 00:03:35

Health: -8/26      AC:  3    Str: 10    XL:     4   Next: 57%
Magic:  4/4        EV: 18    Int: 13    God:
Gold:   134        SH:  4    Dex: 21    Spells: 3/3 levels left

rFire    . . .     SeeInvis +   a - +2 dagger
rCold    + + .     Gourm    .   m - +0 buckler
rNeg     + + +     Faith    .   b - +0 robe
rPois    ∞         Spirit   .   (no helmet)
rElec    .         Reflect  .   c - +0 cloak
rCorr    .         Harm     .   (no gloves)
MR       .....                  (no boots)
Stlth    +++++++...             (no amulet)
HPRegen  0.00/turn              (no ring)
MPRegen  0.09/turn              (no ring)

@: agile, flying, bloodless, hasted, very quick
A: no food, fangs 3, see invisible, unbreathing
a: Bat Form, Revivify


You were on level 3 of the Dungeon.
You were bloodless.

You visited 1 branch of the dungeon, and saw 3 of its levels.

You collected 134 gold pieces.

Inventory:

Hand Weapons
 a - a +2 dagger (weapon)
Missiles
 d - 8 poisoned darts (quivered)
 e - 2 curare-tipped darts
Armour
 b - a +0 robe (worn)
 c - a +0 cloak (worn)
 m - a +0 buckler (worn)
Jewellery
 n - a +1 ring of protection {unknown}
Scrolls
 f - 2 scrolls of teleportation {unknown}
 g - 3 scrolls of remove curse {unknown}
 i - 3 scrolls of identify {unknown}
 j - a scroll of blinking {unknown}
 k - 2 scrolls of fog {unknown}
 l - a scroll of enchant weapon {unknown}
 q - 2 scrolls of enchant armour {unknown}
 s - 2 scrolls of amnesia {unknown}
Potions
 h - a potion of mutation {unknown}
 p - a potion of heal wounds {unknown}
 t - a potion of flight


   Skills:
 - Level 1.7 Fighting
 * Level 4.1 Short Blades
 - Level 1.5 Throwing
 + Level 2.5 Dodging
 + Level 6.8 Stealth


You had 3 spell levels left.
You didn't know any spells.
Your spell library was empty.

Dungeon Overview and Level Annotations

Branches:
Dungeon (3/15)

Altars:
Ashenzari
Xom


Innate Abilities, Weirdness & Mutations

You do not eat.
You do not regenerate when monsters are visible.
You are frail without blood (-20% HP).
You can heal yourself when you bite living creatures.
You are immune to poison.
You have razor-sharp teeth.
You have supernaturally acute eyesight. (SInv)
You can survive without breathing.


Message History

The orc priest is moderately wounded.
The orc misses you.
You hit the orc priest.
You bite the orc priest, but do no damage.
The orc priest is heavily wounded.
The orc wizard gestures wildly while chanting.
The orc wizard blinks!
You hit the orc priest.
The orc priest is severely wounded.
The orc hits you but does no damage. The orc priest hits you with a +0 mace.
* * * LOW HITPOINT WARNING * * *
It was a potion of agility.
You feel agile all of a sudden. You block the orc wizard's attack.
The orc hits you.
* * * LOW HITPOINT WARNING * * *
It was a potion of flight.
You feel very buoyant.
You fly up into the air.
The orc wizard completely misses you. The orc priest hits you with a +0 mace!
You die...

#........... #..#.#.#.#.#
##........... ##..#..#.#.#..
##.............
#############...#####.#.#..
....../o†o......)...#......
.......o###o###.....#...#..
........#.@...#............
........#oo...#...........#
............>..............
......§.#.....#......######
........#.††..#......##....
........###.###............
##........................8...
..........†.<...........8_8..
#........................8...


You could see an orc priest, an orc wizard and an orc.

Vanquished Creatures
  4 adders (D:2)
  A worm (D:3)
  2 dart slugs
  3 leopard geckos (D:1)
  4 orcs (D:3)
  4 ball pythons
  3 giant cockroaches
  4 goblins
  7 hobgoblins
  3 jackals
  5 kobolds
  A quokka (D:3)
  8 bats
  6 frilled lizards
  A rat (D:2)
56 creatures vanquished.

Notes
Turn   | Place    | Note
-------+----------+-------------------------------------------
     0 | D:1      | Nattfarinn the Vampire Assassin began the quest for the
                  | Orb.
     0 | D:1      | Reached XP level 1. HP: 16/16 MP: 1/1
   135 | D:1      | Reached skill level 6 in Stealth
   151 | D:1      | Reached XP level 2. HP: 17/17 MP: 2/2
   375 | D:1      | Reached XP level 3. HP: 21/21 MP: 3/3
   969 | D:2      | Found a shattered altar of Ashenzari.
  1141 | D:2      | Found a shimmering altar of Xom.
  1471 | D:2      | Reached XP level 4. HP: 26/26 MP: 4/4
  1858 | D:3      | Found a faded altar of an unknown god.
  2011 | D:3      | HP: 1/26 [orc (2)]
  2012 | D:3      | Mangled by an orc priest

Levels and vault maps discovered:
D:1:      lordsloth_arrival_two_stooges, layout_basic, nrook_mini_vaults,
          hangedman_abyss_or_decor_stabs, roderic_roman_lattice,
          minmay_split_cup_large
D:2:      layout_basic, nicolae_ashenzari_panopticon, lemuel_round_altar
D:3:      minmay_chambers_of_threes, layout_basic,
          chequers_ecumenical_altar_simple, hangedman_decor_clover_reticule,
          hangedman_decor_riveting, st_stairs_3

Skill      XL: |  1  2  3  4 |
---------------+-------------+-----
Stealth        | 6 |  6.8
Short Blades   | 3 4 |  4.1
Dodging        | 2 |  2.5
Fighting       | |  1.7
Throwing       | |  1.5

Action                   |  1- 3 |  4- 6 || total
-------------------------+-------+-------++-------
Melee: Dagger            |    75 |    50 ||   125
       Bite              |     4 |     2 ||     6
 Abil: Exsanguinate      |     1 |       ||     1
  Use: Potion            |       |     3 ||     3
 Stab: Sleeping          |    19 |     7 ||    26
Armor: Robe              |    15 |    12 ||    27
Dodge: Dodged            |    27 |    31 ||    58
Block: Buckler           |     1 |     2 ||     3

Table legend:
 A = Non-vault XP
 B = Vault XP
 C = Vault XP percentage of total XP
 D = Non-vault monster count
 E = Vault monster count
 F = Vault count percentage of total count
                 A         B        C        D         E       F
            +---------+---------+-------+---------+---------+-------
      Total |     145 |       9 |   5.8 |      50 |       6 |  10.7
            +---------+---------+-------+---------+---------+-------
        D:1 |      43 |       7 |  14.0 |      21 |       4 |  16.0
        D:2 |      74 |       0 |   0.0 |      17 |       0 |   0.0
        D:3 |      28 |       2 |   6.7 |      12 |       2 |  14.3
            +---------+---------+-------+---------+---------+-------
